[Event "*** Titled Tuesday Blitz"]
[Site "Chess.com"]
[Date "2021.02.16"]
[Round "6"]
[White "ClydeHillKid"]
[Black "KingCyber19"]
[Result "1-0"]
[WhiteElo "2382"]
[BlackElo "2518"]
[TimeControl "180+1"]
[EndTime "11:07:19 PST"]
[Termination "ClydeHillKid won by resignation"]

1. e4 e5 2. Nf3 Nc6 3. Bc4 Nf6 4.
d3 Bc5 5. c3 O-O 6. O-O d6 7.
h3 a5 8. d4 exd4 9. cxd4 Bb6 10. Nc3 Re8 11. Re1 h6 12. Bf4 Be6 13. d5 Nh5 14. dxe6 fxe6 15. Bh2 Kh8 16. Rc1 Qf6 17. e5 dxe5 18. Ne4 Qf7 19. Nxe5 Nxe5 20. Bxe5 Qf5 21. Bh2 Rf8 22. Qe2 Rad8 23. Rcd1 Rd4 24. Rxd4 Bxd4 25.
Bd3 Nf4 26. Bxf4 Qxf4 27. b3 e5 28. g3 Qf5 29. Kg2 c6 30. Rf1 Qg6 31. Qg4 Qxg4 32. hxg4 b5 33. Rc1 a4 34. Rxc6 axb3 35. axb3 Ra8 36.
Bxb5 Ra2 37. Bc4 Kh7 38. Rc8 Kg6 39. Rc6+ Kh7 40. g5 hxg5 41. Nxg5+ 1-0

[Event "*** Titled Tuesday Blitz"]
[Site "Chess.com"]
[Date "2021.02.16"]
[Round "6"]
[White "SimplyDevina"]
[Black "Loy_Konstantin"]
[Result "0-1"]
[WhiteElo "2237"]
[BlackElo "2380"]
[TimeControl "180+1"]
[EndTime "11:07:19 PST"]
[Termination "Loy_Konstantin won by resignation"]

1. d4 Nf6 2. c4 c5 3. d5 b5 4. cxb5 a6 5. bxa6 Bxa6 6. Nc3 g6 7. g3 d6 8. Bg2 Bg7 9. Nf3 Nbd7 10. O-O O-O 11. Qc2 Qa5 12. Rd1 Nb6 13. e4 Nc4 14.
Nd2 Nd7 15. Bf1 Nde5 16. Nxc4 Bxc4 17. Bf4 Nf3+ 18. Kg2 Bxf1+ 19. Rxf1 Nd4 20. Qd2 Rfb8 21. Rab1 Nb5 22. Nxb5 Rxb5 23. Qxa5 Raxa5 24. a3 Bxb2 25. Bc1 Bxc1 26. Rxb5 Rxb5 27. Rxc1 Ra5 28. Rc3 Ra4 29.
Kf3 f5 30. exf5 gxf5 31. Ke3 Kf7 32. f3 Kf6 33. Rd3 c4 34. Rc3 Ke5 35. f4+ Kxd5 36.
h3 Kc5 37. g4 fxg4 38. hxg4 d5 39. Kf3 d4 40. Rc1 Rxa3+ 41. Ke4 Re3+ 42. Kf5 d3 43. g5 d2 44. Ra1 0-1

[Event "*** Titled Tuesday Blitz"]
[Site "Chess.com"]
[Date "2021.02.16"]
[Round "6"]
[White "Parhamov"]
[Black "Krakozia"]
[Result "0-1"]
[WhiteElo "2889"]
[BlackElo "2744"]
[TimeControl "180+1"]
[EndTime "11:07:20 PST"]
[Termination "Krakozia won by resignation"]

1. Nf3 Nf6 2. g3 c5 3. Bg2 Nc6 4. O-O e5 5. c3 d5 6. d3 Be7 7. a3 a5 8. a4 O-O 9. Na3 Bg4 10. h3 Be6 11. Nb5 h6 12. Nd2 Qd7 13.
Kh2 Rad8 14. Qc2 d4 15. Rd1 Nd5 16. Nc4 f5 17. Bd2 f4 18. g4 Bh4 19. Rf1 Nf6 20.
Bf3 h5 21. Nb6 Qf7 22. gxh5 e4 23. dxe4 Ne5 24. cxd4 Nxf3+ 25. exf3 Qxh5 26. Bxf4 Qxf3 27. Bg3 Nxe4 28. Rg1 Qf5 29. Rg2 Bxg3+ 30. fxg3 Qxh3+ 31. Kg1 Ng5 32. Rf1 Rxf1+ 33. Kxf1 Rf8+ 34. Kg1 Nf3+ 0-1

[Event "*** Titled Tuesday Blitz"]
[Site "Chess.com"]
[Date "2021.02.16"]
[Round "6"]
[White "Kaslask"]
[Black "McCarthyStone"]
[Result "1-0"]
[WhiteElo "2262"]
[BlackElo "2367"]
[TimeControl "180+1"]
[EndTime "11:07:20 PST"]
[Termination "Kaslask won by resignation"]

1. d4 d5 2. c4 Nc6 3. Nc3 Nf6 4. Nf3 Bg4 5. Qa4 Bxf3 6. gxf3 e6 7. e3 dxc4 8. Bxc4 Be7 9. f4 a6 10. Qc2 Nb4 11. Qb1 c5 12. a3 Nbd5 13. dxc5 Bxc5 14.
Bd2 Nxf4 15. exf4 Qd4 16. Qd3 Qxf2+ 17. Kd1 Rd8 18. Qe2 Qxf4 19. Bd3 Qd4 20. Kc2 O-O 21. Rad1 Rd7 22. Bg5 Qf2 23. Qxf2 Bxf2 24. Bxf6 gxf6 25. Bxh7+ Kxh7 26. Rxd7 b5 27. Rf1 Bh4 28. Ne4 f5 29. Nd6 Kg6 30. Ra7 Bf6 31. Rxa6 Rh8 32. Rf2 Rh4 33.
Nxb5 e5 34. Nc3 Kg5 35. Rg2+ Rg4 36. Rxg4+ fxg4 1-0

[Event "*** Titled Tuesday Blitz"]
[Site "Chess.com"]
[Date "2021.02.16"]
[Round "6"]
[White "night_player"]
[Black "northridgehawk"]
[Result "0-1"]
[WhiteElo "2163"]
[BlackElo "2340"]
[TimeControl "180+1"]
[EndTime "11:07:20 PST"]
[Termination "northridgehawk won on time"]

1. e4 c5 2. c3 Nf6 3. e5 Nd5 4. Bc4 e6 5. Nf3 Nc6 6. O-O Be7 7. Re1 O-O 8. d4 cxd4 9. cxd4 d6 10. exd6 Bxd6 11.
Nc3 Nce7 12. Ne4 Bc7 13. a3 Bd7 14. Bg5 Bc6 15. Rc1 Rc8 16. Bd3 Bf4 17. Rc2 h6 18.
Bh4 Bb8 19. Bg3 Nf4 20. Ne5 Nxd3 21. Qxd3 Bd5 22. Rxc8 Qxc8 23. Nc3 Rd8 24. Qe3 Nf5 25.
Qd2 Bb3 26. Nf3 Bxg3 27. hxg3 Qd7 28. Re4 Qc6 29. g4 Nd6 30. Re1 Nc4 31. Qe2 Nb6 32.
Qe4 Qxe4 33. Rxe4 Nc4 34. Re2 a6 35. Ne5 Rxd4 36. Nxc4 Bxc4 37. Re1 Rxg4 38. f3 Rd4 0-1

[Event "*** Titled Tuesday Blitz"]
[Site "Chess.com"]
[Date "2021.02.16"]
[Round "6"]
[White "The_Machine04"]
[Black "azikom"]
[Result "0-1"]
[WhiteElo "2444"]
[BlackElo "2635"]
[TimeControl "180+1"]
[EndTime "11:07:23 PST"]
[Termination "azikom won on time"]

1. d4 d5 2. Bf4 c6 3. e3 Qb6 4.
Bd3 Qxb2 5. Nd2 Nf6 6. Ne2 Qa3 7.
O-O e6 8. Nf3 Nbd7 9. c4 Be7 10.
c5 h6 11. h3 O-O 12. Qc2 Qa5 13. a4 b6 14. cxb6 axb6 15. Qxc6 Ba6 16. Bxa6 Qxa6 17. Qb5 Rfc8 18. Ne5 Nxe5 19. Bxe5 Rc4 20. Rfb1 Qxb5 21. Rxb5 Nd7 22. a5 Ra6 23. Bg3 Rb4 24. Rxb4 Bxb4 25.
Rc1 bxa5 0-1

[Event "*** Titled Tuesday Blitz"]
[Site "Chess.com"]
[Date "2021.02.16"]
[Round "6"]
[White "Atco84"]
[Black "Novoselski"]
[Result "1-0"]
[WhiteElo "2457"]
[BlackElo "2308"]
[TimeControl "180+1"]
[EndTime "11:07:23 PST"]
[Termination "Atco84 won by resignation"]

1. d4 e6 2. c4 Nf6 3. g3 c5 4. d5 exd5 5. cxd5 d6 6. Nc3 g6 7. Bg2 Bg7 8. Nf3 O-O 9. O-O Re8 10. Nd2 Na6 11. Nc4 Nc7 12. Bf4 Bf8 13. a4 b6 14. Nb5 Nxb5 15. axb5 Nh5 16. Bd2 Bd7 17.
Na3 f5 18. Bc3 Nf6 19. e3 Ne4 20. Qb3 Bh6 21. Nc4 Qe7 22. Ra6 Bc8 23. Ra4 Bb7 24. Rd1 Qc7 25. Nd2 Nxc3 26. bxc3 Bf8 27. Rda1 Bc8 28.
Qa2 Re7 29. e4 f4 30. gxf4 Rf7 31. e5 Bh6 32. Nc4 Bxf4 33. Nxd6 Rg7 34. Rxf4 1-0

[Event "*** Titled Tuesday Blitz"]
[Site "Chess.com"]
[Date "2021.02.16"]
[Round "6"]
[White "dragos420"]
[Black "bocah_sakit"]
[Result "0-1"]
[WhiteElo "2524"]
[BlackElo "2838"]
[TimeControl "180+1"]
[EndTime "11:07:24 PST"]
[Termination "bocah_sakit won by resignation"]

1. e4 c5 2. Nf3 Nc6 3. Bb5 g6 4.
O-O Bg7 5. Nc3 e5 6. a3 Nge7 7. b4 d6 8. bxc5 dxc5 9. d3 O-O 10. Bc4 h6 11. Be3 b6 12. h3 Bb7 13. Nd5 Nc8 14. Ba2 Kh7 15. Qd2 f5 16. Bg5 Qd7 17. Bh4 Nd6 18. exf5 gxf5 19. Rfe1 Rae8 20. Rad1 Nd4 21.
Nxd4 cxd4 22. c4 f4 23. f3 Nf5 24. Bf2 Ne3 25. Rc1 Re6 26. Bxe3 fxe3 27. Qe2 Rg6 28. Kh2 Bxd5 29. cxd5 e4 30. dxe4 Be5+ 31. Kh1 Qf7 32.
Rf1 Qf4 33. g4 d3 34. Qg2 e2 35. Bb1 exf1=Q+ 36. Rxf1 d2 37. Rd1 Rc8 38. Bd3 Rc1 39.
Be2 Qe3 40. Qf1 Rxd1 41. Qxd1 Qf2 42. f4 Bxf4 0-1

[Event "*** Titled Tuesday Blitz"]
[Site "Chess.com"]
[Date "2021.02.16"]
[Round "6"]
[White "platy3"]
[Black "Harry_Rakkel"]
[Result "1-0"]
[WhiteElo "2852"]
[BlackElo "2687"]
[TimeControl "180+1"]
[EndTime "11:07:25 PST"]
[Termination "platy3 won by resignation"]

1. e4 c5 2. Nf3 e6 3. d4 cxd4 4. Nxd4 Nc6 5. Nxc6 bxc6 6. Bd3 d5 7. O-O Nf6 8. Nc3 Be7 9. Qe2 O-O 10. Bd2 c5 11. b3 Bb7 12. Rae1 Rc8 13. exd5 Nxd5 14. Qf3 Qc7 15.
Qh3 g6 16. Qh6 Bf6 17. Ne4 Bg7 18. Qh4 Qd8 19. Bg5 f6 20. Bh6 Bxh6 21. Qxh6 Rf7 22. Bc4 Qe7 23. Qh3 Rd8 24. Nc3 Nc7 25. Re2 Kg7 26.
Rfe1 Bc8 27. Qg3 Rd4 28. h3 Qd6 29. Qxd6 Rxd6 30. Ne4 Rc6 31. Rd2 Re7 32. Rd8 h6 33. Rxc8 1-0

[Event "*** Titled Tuesday Blitz"]
[Site "Chess.com"]
[Date "2021.02.16"]
[Round "6"]
[White "WeAintSurePal"]
[Black "GMJustin"]
[Result "0-1"]
[WhiteElo "2441"]
[BlackElo "2323"]
[TimeControl "180+1"]
[EndTime "11:07:25 PST"]
[Termination "GMJustin won by resignation"]

1. d4 Nf6 2. Nc3 e6 3. Nf3 d5 4.
Bf4 Bb4 5. Qd3 c5 6. dxc5 Ne4 7. Bxb8 Bxc3+ 8. bxc3 Rxb8 9. e3 O-O 10. Qd4 Qa5 11. Bd3 Qxc3+ 12. Ke2 Qxc5 13. Bxe4 Qxd4 14. Bxh7+ Kxh7 15. exd4 Bd7 16. a4 Rfc8 17. Kd2 f6 18. c3 a5 19. Rhb1 Rc4 20. Rb6 Rxa4 21. Rxa4 Bxa4 22. Rxe6 Bc6 23. Kc2 Ra8 24. Kb2 Ra6 25. Ka3 Rb6 26.
Nd2 Rb5 27. Nb3 Kg6 28. Nc5 Rb1 29. Nd3 Rg1 30. g3 Kf7 31. Re1 Rg2 32. h4 Bb5 33. Nf4 Rxf2 34. Nxd5 Bc4 0-1

[Event "*** Titled Tuesday Blitz"]
[Site "Chess.com"]
[Date "2021.02.16"]
[Round "6"]
[White "kobemagic"]
[Black "SchmakAttack"]
[Result "1-0"]
[WhiteElo "2410"]
[BlackElo "2577"]
[TimeControl "180+1"]
[EndTime "11:07:28 PST"]
[Termination "kobemagic won by resignation"]

1. c4 Nf6 2. g3 e6 3. Bg2 d5 4. Nf3 c5 5. cxd5 Nxd5 6. d4 Nc6 7. O-O Nf6 8. dxc5 Qxd1 9. Rxd1 Bxc5 10. Nc3 h6 11. Bf4 Ke7 12. Na4 Bb4 13. a3 Ba5 14. Bd6+ Ke8 15. b4 Bd8 16. b5 Ne7 17. Ne5 Nf5 18. Bb4 Nd5 19. e4 Nxb4 20. axb4 Bc7 21.
Nxf7 Kxf7 22. exf5 exf5 23. Bxb7 Bxb7 24. Rd7+ Kf6 25.
Rxc7 Bf3 26. Nc5 Rad8 27. Nd7+ Kg5 28. Ne5 Bh5 29. f4+ 1-0

[Event "*** Titled Tuesday Blitz"]
[Site "Chess.com"]
[Date "2021.02.16"]
[Round "6"]
[White "BairaKovanova"]
[Black "LuisFSiles"]
[Result "1-0"]
[WhiteElo "2451"]
[BlackElo "2304"]
[TimeControl "180+1"]
[EndTime "11:07:28 PST"]
[Termination "BairaKovanova won on time"]

1. Nf3 f5 2. d4 Nf6 3. g3 e6 4.
Bg2 d5 5. c4 c6 6. Nc3 Bd6 7. O-O O-O 8. cxd5 exd5 9. Ne5 Nbd7 10.
f4 Ne4 11. Nxe4 fxe4 12. Be3 Nf6 13. h3 Qe8 14. Rc1 Qh5 15. g4 Bxg4 16. Nxg4 Nxg4 17. hxg4 Qxg4 18. Rf2 g5 19. fxg5 Qg3 20. Qd2 Rae8 21. Rc3 Qh2+ 22. Kf1 Bg3 23. Bf4 e3 24. Bxe3 Bxf2 25.
Bxf2 Qh4 26. Rf3 Rxf3 27. Bxf3 Rf8 28. Bxh4 1-0

[Event "*** Titled Tuesday Blitz"]
[Site "Chess.com"]
[Date "2021.02.16"]
[Round "6"]
[White "andrzej"]
[Black "MIJuanReyesRosa"]
[Result "1-0"]
[WhiteElo "2312"]
[BlackElo "2116"]
[TimeControl "180+1"]
[EndTime "11:07:30 PST"]
[Termination "andrzej won by resignation"]

1. e4 c6 2. d4 d5 3. exd5 cxd5 4. Bd3 Nf6 5. c3 Nc6 6. Bf4 g6 7. Nf3 Bg7 8. O-O Bf5 9. Bxf5 gxf5 10. Ne1 O-O 11. Nd3 Rc8 12. Nd2 e6 13. Nf3 Ne4 14. Nfe5 Nxe5 15. Nxe5 b5 16. f3 Nd6 17. a3 Nc4 18.
Nd3 Qf6 19. Qe1 Bh6 20. Qc1 Bxf4 21. Qxf4 Kg7 22. Kh1 Qh6 23. Qxh6+ Kxh6 24. Rae1 a6 25. g4 fxg4 26. fxg4 Kg7 27. h4 h6 28. Kh2 Nd6 29. Nc5 a5 30. Re2 b4 31. axb4 axb4 32. cxb4 Ra8 33.
Ref2 Ra2 34. Nxe6+ 1-0

[Event "*** Titled Tuesday Blitz"]
[Site "Chess.com"]
[Date "2021.02.16"]
[Round "6"]
[White "WilliamSchill"]
[Black "HElissalt"]
[Result "0-1"]
[WhiteElo "2042"]
[BlackElo "2210"]
[TimeControl "180+1"]
[EndTime "11:07:32 PST"]
[Termination "HElissalt won on time"]

1. e4 d6 2. d4 Nf6 3. Nc3 e5 4. Nf3 Nbd7 5. Bc4 Be7 6. a4 O-O 7. O-O c6 8. a5 Rb8 9. Re1 Qc7 10. b3 b5 11. axb6 axb6 12. dxe5 dxe5 13. Bb2 b5 14.
Bf1 Bc5 15. h3 Qb6 16. Qe2 Re8 17. Nd1 Nh5 18. Ne3 Nf4 19. Qd1 f6 20. Ba3 Nf8 21.
Bxc5 Qxc5 22. Nf5 Bxf5 23. exf5 Red8 24. Qc1 Qc3 25. Ra7 Nxh3+ 26. gxh3 Qxf3 27. Bg2 Qxf5 28. Bxc6 Qxh3 29. Bg2 Qg4 30. Qe3 Rd1 31. Rxd1 Qxd1+ 32. Kh2 Qxc2 33. Bd5+ Kh8 34. Be4 Qd1 35. Bf3 Qd4 36.
Qxd4 exd4 0-1

[Event "*** Titled Tuesday Blitz"]
[Site "Chess.com"]
[Date "2021.02.16"]
[Round "6"]
[White "bait_or_mate"]
[Black "MartinMatthiesen"]
[Result "1-0"]
[WhiteElo "2551"]
[BlackElo "2366"]
[TimeControl "180+1"]
[EndTime "11:07:33 PST"]
[Termination "bait_or_mate won by resignation"]

1. d4 Nf6 2. c4 e6 3. Nf3 c5 4. Nc3 cxd4 5. Nxd4 Nc6 6. g3 Qb6 7. Nb3 Ne5 8. Bg2 Nxc4 9. O-O d5 10. e4 Bb4 11. exd5 Bxc3 12. bxc3 Nxd5 13. Qg4 Qc7 14. Qxg7 Qe5 15. Qg4 Qxc3 16. Bh6 Qf6 17. Bg7 Rg8 18. Qxc4 Rxg7 19. Bxd5 exd5 20. Qxd5 Rg5 21. Qe4+ Kf8 22. Rac1 Bd7 23. Qxb7 Rd8 24. Rfd1 Re5 25. Rxd7 Rxd7 26. Qxd7 1-0

[Event "*** Titled Tuesday Blitz"]
[Site "Chess.com"]
[Date "2021.02.16"]
[Round "6"]
[White "semchik73"]
[Black "frenchpin"]
[Result "0-1"]
[WhiteElo "2342"]
[BlackElo "2497"]
[TimeControl "180+1"]
[EndTime "11:07:34 PST"]
[Termination "frenchpin won by resignation"]

1. Nf3 e6 2. d4 d5 3. c4 Nf6 4. Nc3 dxc4 5. e4 Bb4 6. Bg5 c5 7. Bxc4 cxd4 8. Nxd4 Qa5 9. Bd2 O-O 10. Nb3 Qc7 11. Bd3 Rd8 12. Qe2 Nc6 13. O-O Ne5 14.
Nb5 Qe7 15. Bxb4 Qxb4 16. Rfd1 Bd7 17. N5d4 Nxd3 18. Qxd3 e5 19. a3 Qb6 20. Nf3 Ba4 21.
Qc3 Rxd1+ 22. Rxd1 Qxb3 23. Qxb3 Bxb3 24. Rd3 Rc8 25.
h3 Bc2 26. Re3 Bxe4 27. Nxe5 Bd5 28. Nd3 Kf8 29. g4 h6 30. Ne5 Be6 31. Nd3 Nd5 32. Re5 Ke7 33. f4 Kd6 34. Re2 g6 35. Ne5 Nxf4 36.
Re4 Nxh3+ 37. Kh2 Ng5 38. Re2 Rc5 39. Nd3 Rd5 40. Nb4 Rd1 41. Rc2 Nf3+ 42. Kg3 Ne5 43.
Re2 Bxg4 44. Re4 Bf5 45. Rf4 h5 46. Kh4 Rg1 47. Rf2 Rg4+ 48. Kh3 Rxb4+ 49. Kh2 Ng4+ 50. Kg3 Nxf2 51. axb4 Nd3 52. Kh4 Nxb4 53. Kg5 Nd5 54. Kh4 b5 55. Kg3 b4 0-1

[Event "*** Titled Tuesday Blitz"]
[Site "Chess.com"]
[Date "2021.02.16"]
[Round "6"]
[White "sakkikuska"]
[Black "attack2mateU"]
[Result "0-1"]
[WhiteElo "2492"]
[BlackElo "2715"]
[TimeControl "180+1"]
[EndTime "11:07:35 PST"]
[Termination "attack2mateU won by checkmate"]

1. e4 c5 2. Nf3 d6 3. d4 cxd4 4.
Nxd4 Nf6 5. Nc3 a6 6. Bg5 e6 7.
f4 Be7 8. Qf3 Qc7 9. O-O-O Nbd7 10. g4 h6 11. Bxf6 Bxf6 12. Kb1 Nb6 13. h4 Bd7 14. g5 Bxd4 15. Rxd4 Qc5 16. Rd1 O-O-O 17.
Qd3 Bc6 18. Bh3 hxg5 19. hxg5 Kb8 20. g6 f5 21. Rhe1 fxe4 22. Nxe4 Bxe4 23. Rxe4 d5 24. Rxe6 Nc4 25. Bg2 Rh2 26. Bxd5 Rxd5 27. Qf1 Nd2+ 28. Rxd2 Rdxd2 29. c3 Rxb2+ 30. Ka1 Rxa2+ 31. Kb1 Rhb2+ 32. Kc1 Qxc3+ 33. Kd1 Ra1# 0-1

[Event "*** Titled Tuesday Blitz"]
[Site "Chess.com"]
[Date "2021.02.16"]
[Round "6"]
[White "djano"]
[Black "elcandado"]
[Result "0-1"]
[WhiteElo "2475"]
[BlackElo "2658"]
[TimeControl "180+1"]
[EndTime "11:07:36 PST"]
[Termination "elcandado won by resignation"]

1. d4 Nf6 2. Nf3 d5 3. Bf4 e6 4. e3 Bd6 5. Ne5 O-O 6. Nd2 Qe7 7. Bd3 Nc6 8. c3 Nd7 9. h4 f6 10. Bxh7+ Kxh7 11. Qh5+ Kg8 12. Ng6 Qe8 13. Rh3 Ne7 14.
Qh8+ Kf7 15. Nxf8 Qxf8 16. Qh5+ Kg8 17. O-O-O Qf7 18. Qe2 e5 19. Bh2 Nb6 20. g4 Bd7 21. Rg1 exd4 22. exd4 Bxh2 23. Rxh2 Re8 24. h5 Nc4 25. Nf3 Nf5 26. Qd3 Nh6 27. g5 fxg5 28.
Nxg5 Qf4+ 29. Kd1 Nxb2+ 0-1

[Event "*** Titled Tuesday Blitz"]
[Site "Chess.com"]
[Date "2021.02.16"]
[Round "6"]
[White "BrianEscalante"]
[Black "elindisguise"]
[Result "1-0"]
[WhiteElo "2622"]
[BlackElo "2460"]
[TimeControl "180+1"]
[EndTime "11:07:40 PST"]
[Termination "BrianEscalante won by resignation"]

1. e4 c6 2. d4 d5 3. f3 dxe4 4. fxe4 e5 5. Nf3 Bg4 6. Bc4 Nd7 7. c3 Bd6 8. Qb3 Qe7 9. Ng5 Nh6 10. Qxb7 O-O 11.
O-O Rab8 12. Qxc6 Rfc8 13. Qa6 Nf6 14. Bb3 Bd7 15. Na3 Kh8 16. Nc4 Bc7 17. Qa3 Qxa3 18. bxa3 a5 19. Nxe5 Bxe5 20. dxe5 Nfg4 21. Nxf7+ Nxf7 22. Rxf7 Bc6 23. e6 Bxe4 24. Bf4 Ra8 25. Re1 Nf6 26.
Rxf6 gxf6 27. Rxe4 a4 28. Bd5 Ra7 29. c4 Re8 30.
Bh6 Ree7 31. Rf4 f5 32. Rxf5 Re8 1-0

[Event "*** Titled Tuesday Blitz"]
[Site "Chess.com"]
[Date "2021.02.16"]
[Round "6"]
[White "Chesspirate_Channel"]
[Black "esrosenberg"]
[Result "1-0"]
[WhiteElo "2306"]
[BlackElo "2109"]
[TimeControl "180+1"]
[EndTime "11:07:40 PST"]
[Termination "Chesspirate_Channel won by checkmate"]

1. d4 Nf6 2. Nc3 d5 3. Bg5 h6 4. Bh4 Bf5 5. f3 c6 6. a4 Bh7 7. e4 dxe4 8. Bc4 exf3 9. Nxf3 e6 10. Qe2 Be7 11. O-O Nd5 12. Bxe7 Qxe7 13. Ne5 Nxc3 14. bxc3 O-O 15. Rae1 Kh8 16. Qh5 Nd7 17. Nxf7+ Kg8 18. Rxe6 Qxf7 19. Qxf7+ Rxf7 20. Re7 Nf6 21. Rxf7 Kh8 22.
Rxb7 Nd5 23. Bxd5 cxd5 24. Rff7 Bxc2 25. Rxg7 Re8 26. Rge7 Rf8 27. Rxa7 h5 28. h4 Bd3 29. Re5 Rf1+ 30. Kh2 Bf5 31. Rf7 Bd3 32. Rxf1 Bxf1 33. Rxh5+ Kg7 34. Rxd5 Bc4 35. Re5 Bb3 36. a5 Bc2 37. a6 Kf6 38. a7 Bb3 39. a8=Q Bd1 40. Qc6+ Kf7 41. Qd7+ Kf6 42. Qd6+ Kf7 43. Re7+ Kf8 44.
Qd8# 1-0

[Event "*** Titled Tuesday Blitz"]
[Site "Chess.com"]
[Date "2021.02.16"]
[Round "6"]
[White "Zenzo"]
[Black "Tashik"]
[Result "1-0"]
[WhiteElo "2616"]
[BlackElo "2439"]
[TimeControl "180+1"]
[EndTime "11:07:42 PST"]
[Termination "Zenzo won by resignation"]

1. e4 e5 2. Nf3 Nc6 3. Bb5 a6 4. Ba4 Nf6 5. d3 b5 6. Bb3 Bc5 7. a4 Rb8 8. O-O h6 9. axb5 axb5 10. Be3 d6 11. Nc3 O-O 12. h3 Nd4 13. Bxd4 Bxd4 14. Nxd4 exd4 15. Nd5 Be6 16. Ra7 Bxd5 17. Bxd5 c6 18.
Bb3 Ra8 19. Qa1 Qb8 20. Bxf7+ Kh7 21. Rxa8 Qxa8 22. Qxa8 Rxa8 23. f4 g6 24. e5 Kg7 25.
Bb3 Ne8 26. exd6 Nxd6 27. Re1 c5 28. Bd5 Rd8 29. Re5 Nf5 30. Bb3 Rc8 31. Be6 Rc7 32. Bxf5 gxf5 33. Rxf5 c4 34. Rxb5 cxd3 35. cxd3 Rc2 36.
Rb4 1-0

[Event "*** Titled Tuesday Blitz"]
[Site "Chess.com"]
[Date "2021.02.16"]
[Round "6"]
[White "vaishali2001"]
[Black "frankshar"]
[Result "1-0"]
[WhiteElo "2588"]
[BlackElo "2383"]
[TimeControl "180+1"]
[EndTime "11:07:43 PST"]
[Termination "vaishali2001 won on time"]

1. d4 Nf6 2. c4 e6 3. Nc3 Bb4 4. e3 c5 5. Nf3 Ne4 6. Qc2 cxd4 7.
exd4 Nxc3 8. bxc3 Be7 9. Bd3 h6 10. O-O O-O 11. Bf4 d6 12. Qd2 Qe8 13. Rfe1 Nd7 14.
Bxh6 b6 15. Re4 f5 16. Rxe6 Ne5 17. Bxg7 Nxf3+ 18. gxf3 Bxe6 19. Qh6 Bf6 20. Bxf6 Qd7 21. Re1 d5 22. Qg6+ 1-0

[Event "*** Titled Tuesday Blitz"]
[Site "Chess.com"]
[Date "2021.02.16"]
[Round "6"]
[White "Vamostodorecto"]
[Black "grandcoach"]
[Result "1-0"]
[WhiteElo "2425"]
[BlackElo "2233"]
[TimeControl "180+1"]
[EndTime "11:07:43 PST"]
[Termination "Vamostodorecto won on time"]

1. d4 Nf6 2. c4 e6 3. Nc3 Bb4 4. e3 c5 5. Bd2 cxd4 6. exd4 Nc6 7. Nf3 O-O 8. Bd3 b6 9. O-O Bb7 10. d5 exd5 11. cxd5 Ne7 12. Bg5 Nexd5 13. Nxd5 Bxd5 14.
Bxh7+ Kxh7 15. Bxf6 Qxf6 16. Qxd5 Rac8 17. Qe4+ Kg8 18. Qxb4 d5 19. Qd4 Qf5 20. a4 Rc4 21. Qe5 Qc2 22. a5 b5 23. Qxd5 Qxb2 24. Rab1 Qc3 25. Rxb5 a6 26. Rb6 Rc5 27. Qd6 Rxa5 28. Rxa6 1-0

[Event "*** Titled Tuesday Blitz"]
[Site "Chess.com"]
[Date "2021.02.16"]
[Round "6"]
[White "Pelopidass"]
[Black "1random"]
[Result "1-0"]
[WhiteElo "2593"]
[BlackElo "2391"]
[TimeControl "180+1"]
[EndTime "11:07:45 PST"]
[Termination "Pelopidass won by resignation"]

1. e4 f5 2. exf5 Nf6 3. d4 d5 4. Bd3 c5 5. dxc5 e6 6. fxe6 Bxc5 7. Nf3 O-O 8. Bg5 Bxe6 9. O-O Nc6 10. Nbd2 Qd7 11.
c3 h6 12. Bh4 Bg4 13. Qc2 Rac8 14. Rae1 Bb6 15. Ne5 Nxe5 16. Rxe5 Bc7 17. Re3 d4 18.
Ree1 dxc3 19. bxc3 Kh8 20. Nc4 Rfd8 21. Be2 Bxe2 22. Qxe2 Bxh2+ 23. Kxh2 Qc7+ 24. Ne5 Rd5 25. Bg3 Rf8 26. Ng6+ 1-0

[Event "*** Titled Tuesday Blitz"]
[Site "Chess.com"]
[Date "2021.02.16"]
[Round "6"]
[White "ErikRonka"]
[Black "Fortitudine"]
[Result "1-0"]
[WhiteElo "2486"]
[BlackElo "2330"]
[TimeControl "180+1"]
[EndTime "11:07:45 PST"]
[Termination "ErikRonka won by checkmate"]

1. e4 c5 2. Nf3 d6 3. d4 cxd4 4. Nxd4 Nf6 5. Nc3 Nc6 6. Bg5 Bd7 7. Qd2 Rc8 8. f4 Nxd4 9. Qxd4 Qa5 10. e5 dxe5 11. fxe5 e6 12. O-O-O Bc6 13. Nb5 Nd5 14. Qxa7 Qb4 15. Qd4 Qa5 16. Nd6+ Bxd6 17. exd6 Qxa2 18. Qxg7 Qa1+ 19. Kd2 Qa5+ 20. c3 Kd7 21. Qxf7+ Kxd6 22. Ke1 Rc7 23. Bf4+ Kc5 24. Bxc7 Nxc7 25. Qf2# 1-0

[Event "*** Titled Tuesday Blitz"]
[Site "Chess.com"]
[Date "2021.02.16"]
[Round "6"]
[White "SanchezKelvin"]
[Black "sorch29"]
[Result "1-0"]
[WhiteElo "2403"]
[BlackElo "2159"]
[TimeControl "180+1"]
[EndTime "11:07:45 PST"]
[Termination "SanchezKelvin won by resignation"]

1. d4 Nf6 2. c4 g6 3. Nc3 Bg7 4.
Nf3 d6 5. e4 O-O 6. Be2 e5 7. O-O exd4 8. Nxd4 Re8 9. f3 Nc6 10.
Be3 Nh5 11. Nc2 f5 12. Qd2 Nf6 13. exf5 Bxf5 14. Bf2 Qe7 15. Ne3 Bh6 16. Nxf5 Bxd2 17. Nxe7+ Rxe7 18. Bd3 Bxc3 19. bxc3 Ne5 20. Be2 Neg4 21.
fxg4 Rxe2 22. h3 Ne4 23. Rfe1 Nxc3 24. Bd4 Rae8 25. Bxc3 Rxe1+ 26. Rxe1 Rxe1+ 27. Bxe1 Kf7 28. Kf2 Ke6 29. Ke3 d5 30. Kd4 b6 31. cxd5+ 1-0

[Event "*** Titled Tuesday Blitz"]
[Site "Chess.com"]
[Date "2021.02.16"]
[Round "6"]
[White "Moultino06"]
[Black "Goryachkina"]
[Result "1-0"]
[WhiteElo "2499"]
[BlackElo "2649"]
[TimeControl "180+1"]
[EndTime "11:07:46 PST"]
[Termination "Moultino06 won by resignation"]

1. b3 d5 2. Bb2 c5 3. e3 a6 4.
g3 Nc6 5. Bg2 Nf6 6. d3 h5 7. h3 d4 8. exd4 Nxd4 9. Nd2 e6 10.
Ngf3 Nf5 11. O-O Bd6 12. Ne4 Be7 13. a4 Nd4 14. Ne5 Nxe4 15. dxe4 Qc7 16. f4 b6 17. c3 h4 18. cxd4 hxg3 19. d5 Bd6 20. Qg4 f6 21. Nc4 exd5 22. Nxd6+ Qxd6 23. Qxg7 Rxh3 24. exd5 Rh4 25.
Rae1+ Kd8 26. Bxf6+ 1-0

[Event "*** Titled Tuesday Blitz"]
[Site "Chess.com"]
[Date "2021.02.16"]
[Round "6"]
[White "albi1999"]
[Black "Alex-11211"]
[Result "1-0"]
[WhiteElo "2600"]
[BlackElo "2413"]
[TimeControl "180+1"]
[EndTime "11:07:46 PST"]
[Termination "albi1999 won on time"]

1. d4 Nf6 2. c4 c5 3. d5 g6 4.
Nc3 Bg7 5. e4 O-O 6. Nge2 d6 7.
Ng3 e6 8. Be2 exd5 9. cxd5 a6 10. a4 Nbd7 11. O-O Re8 12. Bg5 h6 13. Be3 Rb8 14. Qd2 Kh7 15. f4 b5 16. axb5 axb5 17.
e5 b4 18. Nce4 Nxe4 19. Nxe4 dxe5 20. f5 Qh4 21. Nd6 Nf6 22. Nxe8 Nxe8 23. fxg6+ fxg6 24. Bxc5 Bf5 25. Ra7 Kh8 26. d6 Nf6 27. Bf2 Qf4 28.
Qxf4 exf4 29. Bd4 g5 30. g3 Bh3 31. Rc1 fxg3 32. hxg3 Ne8 33. Rxg7 Nxg7 34. Rc7 Rg8 35. Bc4 1-0

[Event "*** Titled Tuesday Blitz"]
[Site "Chess.com"]
[Date "2021.02.16"]
[Round "6"]
[White "bascheyaro"]
[Black "Anton_Demchenko"]
[Result "1-0"]
[WhiteElo "2719"]
[BlackElo "2892"]
[TimeControl "180+1"]
[EndTime "11:07:47 PST"]
[Termination "bascheyaro won on time"]

1. d4 Nf6 2. c4 g6 3. Nf3 Bg7 4. Nc3 O-O 5. g3 d6 6. Bg2 Nbd7 7. O-O e5 8. e3 Re8 9. b3 c6 10. dxe5 dxe5 11. Bb2 Qc7 12. Ng5 Nc5 13. Ba3 Bf8 14. Qf3 Ncd7 15. Bxf8 Rxf8 16. Rad1 h6 17. Nge4 Nxe4 18.
Nxe4 f5 19. Nd6 Nf6 20. e4 Nxe4 21. Nxe4 fxe4 22. Qxe4 Bf5 23. Qe3 Kh7 24. Rfe1 Rfe8 25. h3 Re7 26. g4 Bd7 27. Be4 Rf8 28. Qxa7 Ref7 29. Qc5 Bc8 30. Rd6 Rf6 31. Red1 Qe7 32. Rxc6 Qe8 33. Rc7+ R6f7 34. Rd6 Rxc7 35. Qxc7+ Kh8 36.
Bxg6 1-0